 Dungeon Crawl Stone Soup version 0.26.0-10-g1f06aea511 (webtiles) character file.

Game seed: 17684979559229067506

3999 mopl the Fiendish (level 10, -6/63 HPs)
             Began as a Demonspawn Enchanter on Jan 20, 2021.
             Was a Priest of Makhleb.
             Killed by the air
             ... invoked by Gastronok
              (31 damage)
             ... on level 8 of the Dungeon.
             The game lasted 00:15:19 (8306 turns).

mopl the Fiendish (Demonspawn Enchanter)            Turns: 8306, Time: 00:15:20

Health: -6/63      AC:  6    Str:  8    XL:     10   Next: 3%
Magic:  12/17      EV: 13    Int: 18    God:    Makhleb [***...]
Gold:   232        SH:  0    Dex: 22    Spells: 7/19 levels left

rFire    + . .     SeeInvis .   a - +2 dagger (speed)
rCold    . . .     Faith    .   (no shield)
rNeg     . . .     Spirit   .   B - +2 robe {Will+}
rPois    .         Reflect  .   (helmet restricted)
rElec    .         Harm     .   z - scarf {repulsion}
rCorr    .         Rampage  .   y - +0 pair of gloves
Will     +....                  h - +0 pair of boots
Stlth    ++++......             k - amulet of magic regeneration
HPRegen  0.20/turn              t - ring of protection from fire
MPRegen  0.40/turn              v - +6 ring of dexterity

@: confusing touch, repel missiles
A: claws 2, hooves 1, horns 2
a: Renounce Religion, Minor Destruction, Lesser Servant of Makhleb


You were on level 8 of the Dungeon.
You worshipped Makhleb.
Makhleb was most pleased with you.
You visited 1 branch of the dungeon, and saw 8 of its levels.

You collected 367 gold pieces.
You spent 135 gold pieces at shops.

Inventory:

Hand Weapons
 a - a +2 dagger of speed (weapon)
 b - a +1 hunting sling of freezing
 A - a +1 falchion of freezing
 J - a +4 scimitar of flaming
Missiles
 e - 214 stones
 q - 10 boomerangs
 u - 5 poisoned darts
 x - 68 sling bullets
Armour
 h - a +0 pair of boots (worn)
 y - a +0 pair of gloves (worn)
 z - a scarf of repulsion (worn)
 B - a +2 robe of willpower (worn)
 G - a +0 troll leather armour
 H - a +2 tower shield of cold resistance
Jewellery
 k - an amulet of magic regeneration (around neck)
 n - an uncursed amulet of the acrobat
 t - a ring of protection from fire (left hand)
 v - a +6 ring of dexterity (right hand)
 I - an uncursed ring of ice
 K - an uncursed amulet of guardian spirit
Wands
 F - a wand of paralysis (6)
Scrolls
 c - 3 scrolls of identify
 d - 2 scrolls of magic mapping {unknown}
 g - 4 scrolls of remove curse
 i - a scroll of amnesia {unknown}
 j - 2 scrolls of random uselessness {unknown}
 l - 3 scrolls of noise {unknown}
 o - a scroll of fear {unknown}
 r - 2 scrolls of teleportation {unknown}
 w - a scroll of blinking {unknown}
 C - a scroll of fog {unknown}
 L - a scroll of enchant armour {unknown}
Potions
 f - a potion of lignification {!q}
 m - 8 potions of curing
 p - a potion of cancellation
 s - a potion of haste
 D - a potion of flight
 E - a potion of might


   Skills:
 + Level 5.3 Short Blades
 - Level 1.7 Dodging
 + Level 6.4 Stealth
 + Level 3.1 Shields
 - Level 5.0 Spellcasting
 - Level 3.0 Conjurations
 + Level 6.6 Hexes
 + Level 4.5 Ice Magic
 + Level 6.8 Invocations


You had 7 spell levels left.
You knew the following spells:

 Your Spells              Type           Power        Failure   Level
a - Corona                Hex            31%          1%          1
b - Ensorcelled Hibernat  Hex/Ice        48%          1%          2
c - Confusing Touch       Hex            28%          2%          3
d - Tukima's Dance        Hex            28%          2%          3
g - Dazzling Flash        Conj/Hex       42%          5%          3

Your spell library contained the following spells:

 Spells                   Type           Power        Failure   Level


Dungeon Overview and Level Annotations

Branches:
Dungeon (8/15)             Temple (0/1) D:4
   Lair: D:8-11

Altars:
Ashenzari
Elyvilon
Gozag
Makhleb
Nemelex Xobeh
Okawaru
Ru
Vehumet
Wu Jian

Shops:
D:6 [   D:7 [

Annotations:
D:8 Gastronok


Innate Abilities, Weirdness & Mutations

You have very sharp fingernails.
You have large cloven feet.
You have a pair of horns on your head.


Message History

Your hands begin to glow brighter.
Gastronok bites you!
Unknown command.
You completely miss Gastronok.
Gastronok is moderately wounded.
You hit Gastronok but do no damage.
Gastronok is moderately wounded.
You hit Gastronok but do no damage.
Gastronok is moderately wounded.
Gastronok bites you but does no damage.
You hit Gastronok but do no damage.
Gastronok is moderately wounded.
You hit Gastronok but do no damage.
Gastronok is moderately wounded.
A killer bee comes into view.
Gastronok is buffeted by a sudden breeze.
Gastronok waves his eye-stalks in wide circles.
The air twists around and strikes you!!
Gastronok waves his eye-stalks in wide circles.
The air twists around and strikes you!!
You die...

############
...........#
..########.########
#( ##....)>.......#
#. #...@...######.#
### #. #..####.#
#.####.. ##.##.##..#
#.# #..>....
#......w..# #.#
######.. #..##.###.#
#.# #.. #. ...# #.#
#.. ..
.......###########..
##. #...###
......./.... y.
#.... ...#######..


You could see Gastronok (swift).

Vanquished Creatures
  Erica (D:8)
  Maurice (D:8)
  A troll (D:5)
  Prince Ribbit (D:6)
  Sigmund (D:6)
  Menkaure (D:5)
  2 ice beasts
  2 orc warriors (D:7)
  A black bear (D:8)
  6 ogres
  A centaur (D:7)
  A bullfrog (D:7)
  A water moccasin zombie (D:6)
  2 scorpions
  4 wights (D:6)
  3 howler monkeys (D:7)
  8 orc priests
  A centaur skeleton (D:7)
  4 hounds
  5 orc wizards
  2 iguanas
  A statue (D:5)
  6 worker ants
  3 hound zombies
  11 adders
  A howler monkey zombie (D:6)
  A howler monkey skeleton (D:6)
  A white imp (D:5)
  2 ufetubi
  An ooze (D:6)
  3 adder skeletons
  2 worms
  2 dart slugs
  8 leopard geckos
  37 orcs
  2 giant cockroaches
  8 goblins
  8 hobgoblins
  2 jackals (D:4)
  4 quokkas
  A ball python (D:2)
  7 bats
  9 frilled lizards
  2 jackal skeletons
  11 kobolds
  5 rats
187 creatures vanquished.

Vanquished Creatures (others)
  2 dancing weapons
  3 plants (D:3)
  12 withered plants (D:8)
17 creatures vanquished.

Grand Total: 204 creatures vanquished

Notes
Turn   | Place    | Note
-------+----------+-------------------------------------------
     0 | D:1      | mopl the Demonspawn Enchanter began the quest for the Orb.
     0 | D:1      | Reached XP level 1. HP: 13/13 MP: 3/3
    65 | D:1      | Reached skill level 1 in Short Blades
   454 | D:1      | Gained mutation: You have sharp fingernails. [demonic
                  | ancestry]
   454 | D:1      | Reached XP level 2. HP: 8/19 MP: 3/5
   629 | D:1      | Learned a level 2 spell: Ensorcelled Hibernation
  1003 | D:2      | Reached skill level 3 in Stealth
  1568 | D:2      | Reached XP level 3. HP: 20/24 MP: 6/6
  1831 | D:2      | Found a white marble altar of Elyvilon.
  2035 | D:3      | Reached skill level 1 in Ice Magic
  2035 | D:3      | Reached XP level 4. HP: 5/30 MP: 2/7
  2289 | D:3      | Reached skill level 2 in Short Blades
  2642 | D:3      | Found a burning altar of Makhleb.
  2655 | D:3      | Gained mutation: You have large cloven feet. [demonic
                  | ancestry]
  2655 | D:3      | Reached XP level 5. HP: 17/35 MP: 6/9
  2869 | D:3      | Found an ornate altar of the Wu Jian Council.
  3019 | D:3      | Became a worshipper of Makhleb the Destroyer
  3328 | D:3      | Learned a level 3 spell: Confusing Touch
  3332 | D:3      | Learned a level 3 spell: Tukima's Dance
  3405 | D:4      | Reached skill level 3 in Spellcasting
  3405 | D:4      | Reached skill level 1 in Invocations
  3410 | D:4      | Noticed an ogre
  3428 | D:4      | Killed an ogre
  3429 | D:4      | Reached skill level 4 in Hexes
  3429 | D:4      | Reached skill level 2 in Ice Magic
  3429 | D:4      | Gained mutation: You have a pair of small horns on your
                  | head. [demonic ancestry]
  3429 | D:4      | Reached XP level 6. HP: 41/41 MP: 8/10
  3561 | D:4      | Reached skill level 4 in Stealth
  3561 | D:4      | Reached skill level 2 in Invocations
  3985 | D:4      | Gained mutation: You have a pair of horns on your head.
                  | [demonic ancestry]
  3985 | D:4      | Reached XP level 7. HP: 32/46 MP: 9/12
  4070 | D:4      | Found a staircase to the Ecumenical Temple.
  4075 | D:4      | Reached skill level 3 in Short Blades
  4161 | D:5      | Entered Level 5 of the Dungeon
  4244 | D:5      | Reached * piety under Makhleb
  4255 | D:5      | Learned a level 3 spell: Dazzling Flash
  4423 | D:5      | Noticed a troll
  4699 | D:4      | Reached skill level 3 in Invocations
  5177 | D:5      | Reached skill level 1 in Conjurations
  5252 | D:5      | Noticed Menkaure
  5262 | D:5      | Killed Menkaure
  5263 | D:5      | Reached skill level 4 in Spellcasting
  5263 | D:5      | Reached skill level 5 in Hexes
  5263 | D:5      | Reached skill level 3 in Ice Magic
  5263 | D:5      | Gained mutation: You have very sharp fingernails. [demonic
                  | ancestry]
  5263 | D:5      | Reached XP level 8. HP: 24/52 MP: 9/14
  5512 | D:5      | Reached ** piety under Makhleb
  5904 | D:5      | Reached skill level 4 in Invocations
  5967 | D:5      | Reached skill level 5 in Stealth
  5970 | D:5      | Reached skill level 2 in Conjurations
  6055 | D:5      | Found a radiant altar of Vehumet.
  6203 | D:5      | Killed a troll
  6204 | D:5      | Reached skill level 4 in Short Blades
  6385 | D:6      | Found Toagg's Antique Armour Shoppe.
  6406 | D:6      | Bought a shiny tower shield for 135 gold pieces
  6690 | D:6      | Noticed Prince Ribbit
  6703 | D:6      | Killed Prince Ribbit
  6704 | D:6      | Reached skill level 5 in Invocations
  6704 | D:6      | Reached XP level 9. HP: 54/57 MP: 10/16
  6741 | D:6      | Noticed Sigmund
  6749 | D:6      | Killed Sigmund
  6750 | D:6      | Reached skill level 1 in Shields
  6750 | D:6      | Reached skill level 3 in Conjurations
  6774 | D:6      | Found a broken altar of Ashenzari.
  6782 | D:6      | Found an iron altar of Okawaru.
  6782 | D:6      | Found an opulent altar of Gozag.
  6785 | D:6      | Found a sparkling altar of Nemelex Xobeh.
  6846 | D:6      | Reached skill level 4 in Ice Magic
  7029 | D:6      | Reached skill level 5 in Spellcasting
  7160 | D:6      | Found a sacrificial altar of Ru.
  7333 | D:7      | Reached skill level 6 in Hexes
  7429 | D:7      | Reached skill level 2 in Shields
  7452 | D:7      | Reached *** piety under Makhleb
  7576 | D:7      | Reached skill level 6 in Stealth
  7578 | D:7      | Found Xuecvuba's Armour Shoppe.
  7595 | D:7      | Reached skill level 6 in Invocations
  7671 | D:7      | Reached skill level 5 in Short Blades
  7925 | D:8      | Noticed Maurice
  7938 | D:8      | Killed Maurice
  7971 | D:8      | Noticed Erica
  8033 | D:8      | Killed Erica
  8034 | D:8      | Reached skill level 3 in Shields
  8034 | D:8      | Reached XP level 10. HP: 28/63 MP: 4/17
  8279 | D:8      | Noticed Gastronok
  8306 | D:8      | Killed from afar by Gastronok

Illustrated notes

Levels and vault maps discovered:
D:1:      ebering_trefoil_3fold, layout_rooms
D:2:      layout_basic, lemuel_doored_altar
D:3:      layout_loops_ring, makhleb_heckhound_becter, general_overflow_altar,
          serial_bayou_crossing
D:4:      layout_cave_pools, minmay_temple_entry_proselytizer
D:5:      layout_cave_pods, vehumet_statue, uniq_menkaure
D:6:      layout_basic, kennysheep_little_box, grunt_temple_overflow_open,
          serial_shops, nicolae_shop_stone, serial_undead, serial_undead_d,
          serial_undead_d, serial_undead_e, serial_undead_c, uniq_sigmund,
          uniq_prince_ribbit1
D:7:      layout_basic, serial_shops, shop
D:8:      layout_loops_ring, kiku_gazebo_garden_becter, uniq_gastronok,
          uniq_maurice, uniq_harold, uniq_erica

Skill      XL: |  1  2  3  4  5  6  7  8  9 |
---------------+----------------------------+-----
Short Blades   | 1 2 3 4 5 |  5.3
Stealth        | 3 4 5 6 |  6.4
Ice Magic      | 1 2 3 4 |  4.5
Spellcasting   | 3 4 5 |  5.0
Invocations    | 1 2 3 5 6 |  6.8
Hexes          | 4 5 6 |  6.6
Conjurations   | 1 2 3 |  3.0
Shields        | 3 |  3.1
Dodging        | |  1.7

Action                   |  1- 3 |  4- 6 |  7- 9 | 10-12 || total
-------------------------+-------+-------+-------+-------++-------
Melee: Dagger            |    84 |    93 |   351 |    18 ||   546
       Headbutt          |       |     7 |    68 |     3 ||    78
       Scimitar          |       |       |     1 |       ||     1
 Fire: Hunting sling     |    63 |    43 |       |       ||   106
 Cast: Corona            |     3 |       |       |       ||     3
       Ensorcelled Hiber |     7 |    21 |    96 |     1 ||   125
       Tukima's Dance    |       |     1 |     5 |       ||     6
       Confusing Touch   |       |       |     6 |     2 ||     8
       Dazzling Flash    |       |       |    10 |     1 ||    11
  Use: Potion            |       |     3 |       |       ||     3
       Scroll            |       |     4 |     2 |       ||     6
 Stab: Sleeping          |    10 |    17 |    60 |     3 ||    90
       Confused          |       |       |     6 |       ||     6
       Distracted        |       |       |     1 |       ||     1
       Invisible         |       |       |     1 |       ||     1
Armor: Robe              |    24 |    21 |    73 |     2 ||   120
Dodge: Dodged            |    57 |    59 |   187 |       ||   303
       Repelled          |       |       |     4 |       ||     4
